 Dungeon Crawl Stone Soup version 0.29-a0-233-g1125b37a9b (webtiles) character file.

Game seed: 5516004347932659197

114 n8rtot the Magician (level 5, -4/36 HPs)
             Began as a Djinni Fire Elementalist on Mar 1, 2022.
             Slain by an orc warrior
             ... wielding a +0 battleaxe
              (22 damage)
             ... on level 7 of the Dungeon.
             The game lasted 00:16:10 (3139 turns).

n8rtot the Magician (Djinni Fire Elementalist)      Turns: 3139, Time: 00:16:10

Health: -4/36      AC:  4    Str:  7    XL:     5   Next: 19%
Gold:   124        EV: 12    Int: 19    God:
                   SH:  0    Dex: 13

rFire   + . .      SeeInvis .   b - +0 dagger
rCold   . . .      Faith    .   (no shield)
rNeg    . . .      Spirit   .   a - +0 robe
rPois   ∞          Reflect  .   (no helmet)
rElec   .          Harm     .   c - +0 cloak
rCorr   .          Rampage  .   h - +0 pair of gloves
Will    .....                   (boots unavailable)
Stlth   ++........              (no amulet)
HPRegen 0.12/turn               n - ring of ice
MPRegen 0.00/turn               (no ring)

@: flying
A: sickness immunity, fire resistance 2, cold vulnerability 1, float, innate
caster, HP casting, extra vitality 1
a: no special abilities


You were on level 7 of the Dungeon.
You visited 1 branch of the dungeon, and saw 5 of its levels.

You collected 124 gold pieces.

Inventory:

Hand Weapons
 b - a +0 dagger (weapon)
Missiles
 p - 12 stones
Armour
 a - a +0 robe (worn)
 c - a +0 cloak (worn)
 d - a +2 ring mail of positive energy
 h - a +0 pair of gloves (worn)
Magical Staves
 r - a staff of conjuration
Jewellery
 n - a ring of ice (left hand)
Scrolls
 e - 3 scrolls of identify {unknown}
 f - 2 scrolls of blinking {unknown}
 g - a scroll of immolation {unknown}
 i - 2 scrolls of brand weapon {unknown}
 k - a scroll of enchant weapon {unknown}
 l - a scroll of teleportation {unknown}
 o - a scroll of enchant armour {unknown}
 q - a scroll of vulnerability {unknown}
 s - a scroll of noise {unknown}
 v - a scroll of amnesia {unknown}
Potions
 j - 2 potions of magic {unknown}
 m - a potion of curing {unknown}
 t - a potion of attraction {unknown}
 u - 2 potions of brilliance {unknown}


   Skills:
 + Level 0.5 Fighting
 + Level 3.0 Dodging
 + Level 2.0 Stealth
 + Level 3.7 Spellcasting


You couldn't memorise any spells.
You knew the following spells:

 Your Spells              Type           Power      Damage    Failure   Level
a - Foxfire               Conj/Fire      68%        2x1d7     3%          1
b - Scorch                Fire           34%        2d6       4%          2
c - Conjure Flame         Conj/Fire      17%        6-21      9%          3
d - Inner Flame           Hex/Fire       17%        N/A       9%          3
e - Flame Wave            Conj/Fire      17%        2d6       30%         4
f - Sandblast             Erth           34%        2d9       3%          1
g - Ensorcelled Hibernat  Hex/Ice        52%        N/A       4%          2
Your spell library was empty.

Dungeon Overview and Level Annotations

Branches:
Dungeon (7/15)
 Temple: D:4-7

Altars:


Innate Abilities, Weirdness & Mutations

You are immune to sickness and miasma.
You are immune to poison.
Your flesh is very heat resistant. (rF++)
You are vulnerable to cold. (rC-)
You float through the air rather than walking.
You learn spells naturally, not from books.
Your magical power is your life essence.
You have superior vitality. (+4 MHP)


Message History

Press: ? - help, Shift-Dir - straight line, f - orc warrior
Aim: an orc warrior, wielding a +0 battleaxe and wearing a +0 plate armour (lightly wounded, chance to affect: 57%)
You feel a surge of power!
The orc warrior looks drowsy...
Casting: Ensorcelled Hibernation (safe; 4% risk of failure)
Confirm with . or Enter, or press ? or * to list all spells.
Aiming: Sandblast (safe; 3% risk of failure)
Press: ? - help, Shift-Dir - straight line, f/p - orc warrior
Aim: an orc warrior, wielding a +0 battleaxe and wearing a +0 plate armour (lightly wounded, asleep, 100% to hit)
The blast of sand hits the orc warrior but does no damage.
The orc warrior is lightly wounded.
The orc warrior shouts!
p - 12 stones The orc warrior barely misses you.
There is a stone staircase leading down here.
You fly downwards.
Found 12 stones.
There is a stone staircase leading up here.
Casting: Sandblast (safe; 3% risk of failure)
Confirm with . or Enter, or press ? or * to list all spells.
You conjure some foxfire!
The orc warrior hits you with a +0 battleaxe!
The orc warrior hits your foxfire with a +0 battleaxe.
The foxfire hits the orc warrior.
The orc warrior is moderately wounded.
The foxfire hits the orc warrior.
The orc warrior is heavily wounded.
Casting: Foxfire (safe; 3% risk of failure)
Confirm with . or Enter, or press ? or * to list all spells.
You conjure some foxfire!
The orc warrior barely misses you.
The orc warrior hits your foxfire with a +0 battleaxe.
Found a gnarled jewelled staff.
The foxfire hits the orc warrior.
The orc warrior is heavily wounded.
The foxfire hits the orc warrior but does no damage.
The orc warrior is heavily wounded.
Casting: Foxfire (safe; 3% risk of failure)
Confirm with . or Enter, or press ? or * to list all spells.
You conjure some foxfire!
The orc warrior hits you with a +0 battleaxe!!
Ouch! That really hurt!
You die...

# # ##.
|.#..####
........####
#..v§#..#
#.@o<.#
#...v..#
...........#
........#....#
.....(.####..#
#...... ...#
...#.#. #...#
..####. ...#


You could see an orc warrior (ally target).

Vanquished Creatures
  Jessica (D:2)
  4 adders
  A worm (D:2)
  2 dart slugs
  4 ball pythons (D:2)
  5 endoplasms (D:1)
  3 giant cockroaches
  2 goblins
  6 hobgoblins
  3 jackals
  2 quokkas
  2 bats
  2 frilled lizards (D:1)
  3 kobolds
  5 rats
  A toadstool (D:1)
46 creatures vanquished.

Vanquished Creatures (others)
  105 foxfires
  A plant (D:3)
  3 toadstools (D:1)
109 creatures vanquished.

Grand Total: 155 creatures vanquished

Notes
Turn   | Place    | Note
-------+----------+-------------------------------------------
     0 | D:1      | n8rtot the Djinni Fire Elementalist began the quest for the
                  | Orb.
     0 | D:1      | Reached XP level 1. HP: 15/15 MP: 0/0
   245 | D:1      | Reached XP level 2. HP: 17/21 MP: 0/0
  1430 | D:1      | Found a faded altar of an unknown god.
  1640 | D:1      | Reached XP level 3. HP: 22/25 MP: 0/0
  1640 | D:1      | Learned a level 1 spell: Sandblast
  1875 | D:2      | Reached XP level 4. HP: 19/31 MP: 0/0
  2433 | D:2      | Noticed Jessica
  2446 | D:2      | Killed Jessica
  2447 | D:2      | Reached XP level 5. HP: 26/36 MP: 0/0
  2447 | D:2      | Learned a level 2 spell: Ensorcelled Hibernation
  2921 | D:3      | You are sucked into a shaft and drop 3 floors!
  3096 | D:6      | Noticed an orc warrior
  3139 | D:7      | Slain by an orc warrior

Illustrated notes

Levels and vault maps discovered:
D:1:      ldierk_water_garden, layout_basic, shapermc_ecumenical_altar_pompeii
D:2:      minmay_chambers_of_twos, layout_basic, uniq_jessica
D:3:      layout_basic, serial_bayou, serial_bayou_shore_b, serial_bayou_pond_c,
          serial_bayou_ford_a, serial_bayou_lake_a, serial_bayou_shore_a,
          serial_bayou_lagoon_b, lemuel_old_faithful
D:6:      layout_loops_ring, minmay_manual_moon
D:7:      layout_cave_pools, amcnicky_mini_pool_small

Skill      XL: |  1  2  3  4  5 |
---------------+----------------+-----
Spellcasting   | 3 |  3.7
Stealth        | 2 |  2.0
Dodging        | 3 |  3.0
Fighting       | |  0.5

Action                   |  1- 3 |  4- 6 || total
-------------------------+-------+-------++-------
Melee: Dagger            |    39 |    12 ||    51
       Unarmed           |     3 |       ||     3
 Cast: Foxfire           |    44 |    37 ||    81
       Ensorcelled Hiber |       |     1 ||     1
       Sandblast         |       |     1 ||     1
       Scorch            |       |     1 ||     1
 Stab: Sleeping          |     1 |       ||     1
Armor: Robe              |    17 |     7 ||    24
Dodge: Dodged            |    33 |    24 ||    57

Table legend: (Time is in decaauts)
 A = Elapsed time spent in this place.
 B = Non-inter-level travel time spent in this place.
 C = Inter-level travel time spent in this place.
 D = Time resting spent in this place.
 E = Time spent auto-exploring this place.
 F = Levels seen in this place.
 G = Mean time per level.
                   A        B        C        D        E       F      G
               +--------+--------+--------+--------+--------+-----+--------+
         Total |   3137 |   3134 |      3 |   1137 |     22 |   5 |  627.4 |
       Dungeon |   3137 |   3134 |      3 |   1137 |     22 |   5 |  627.4 |
               +--------+--------+--------+--------+--------+-----+--------+

Top non-repeatable levels by time:
     D:1: 1668 daAuts
     D:2: 1163 daAuts
     D:6: 212 daAuts
     D:3: 87 daAuts
     D:7: 4 daAuts
